ORI
UNIVERSITY OF FLORIDA GATORS @ UNIVERSITY OF NEBRASKA CORNHUSKERS
11/01/2048
 
TOP OF THE 1ST
University of Virginia Cavaliers batting - Pitching for Arizona State University Sun Devils : RHP Bill Dominguez
Pitching: RHP Bill Dominguez
Batting: RHB Luke Bertrand 0-0: Fly out, F8 (Flyball, 8LD, EV 84.4 MPH)
Batting: RHB Jose Velez 0-0: Called Strike
0-1: Ball
1-1: Ball
2-1: Called Strike
2-2: Foul Ball, location: 2F
2-2: Strikes out swinging, 2-3 out at first.
Batting: LHB Ray Nichter 0-0: Called Strike
0-1: Swinging Strike
0-2: Ball
1-2: Strikes out looking
Top of the 1st over - 0 runs, 0 hits, 0 errors, 0 left on base; University of Virginia 0 - Arizona State University 0
BOTTOM OF THE 1ST
Arizona State University Sun Devils batting - Pitching for University of Virginia Cavaliers : RHP Arturo Vargas
Pitching: RHP Arturo Vargas
Batting: LHB Timon Giorgiou 0-0: Ball
1-0: Called Strike
1-1: Foul Ball, location: 2F
1-2: Fly out, F9 (Flyball, 89M, EV 77.5 MPH)
Batting: RHB Rusty Gee 0-0: Ball
1-0: Foul Ball, location: 2F
1-1: Ground out 3-1 (Groundball, 34, EV 93.1 MPH)
Batting: LHB Randy Marquez 0-0: Ball
1-0: Called Strike
1-1: Ball
2-1: Ball
3-1: Ground out 4-3 (Groundball, 4, EV 80.0 MPH)
Bottom of the 1st over - 0 runs, 0 hits, 0 errors, 0 left on base; University of Virginia 0 - Arizona State University 0
TOP OF THE 2ND
University of Virginia Cavaliers batting - Pitching for Arizona State University Sun Devils : RHP Bill Dominguez
Batting: LHB Alex Aguilar 0-0: SINGLE (Line Drive, 9LS, EV 86.2 MPH)
Batting: RHB Jason Lambert 0-0: Ball
1-0: Ball
2-0: Fly out, F7 (Flyball, 78M, EV 85.6 MPH)
Batting: RHB Rob Coble 0-0: Ball
1-0: Foul Ball, location: 2F
1-1: Ball
2-1: Called Strike
2-2: Foul Ball, location: 2F
2-2: Ball
3-2: Strikes out swinging
Batting: RHB Allen McCaskill 0-0: Swinging Strike
0-1: Called Strike
0-2: Ball
1-2: Strikes out looking
Top of the 2nd over - 0 runs, 1 hit, 0 errors, 1 left on base; University of Virginia 0 - Arizona State University 0
BOTTOM OF THE 2ND
Arizona State University Sun Devils batting - Pitching for University of Virginia Cavaliers : RHP Arturo Vargas
Batting: RHB Chris DeLuise 0-0: Ball
1-0: Ball
2-0: Ball
3-0: Called Strike
3-1: Called Strike
3-2: Foul Ball, location: 2F
3-2: Fly out, F8 (Flyball, 8RD, EV 77.5 MPH)
Batting: SHB Manny Aponte 0-0: Foul Ball, location: 2F
0-1: Ball
1-1: Ball
2-1: SINGLE (Groundball, 6MD, EV 103.8 MPH)
Batting: RHB Martin Boyle 0-0: Ball
1-0: Called Strike
1-1: Ball
2-1: Foul Ball, location: 2F
2-2: Strikes out swinging
Batting: RHB Kawenaula Kapali 0-0: Fielders Choice at 2nd, 6-4 (Groundball, 6, EV 106.2 MPH)
Bottom of the 2nd over - 0 runs, 1 hit, 0 errors, 1 left on base; University of Virginia 0 - Arizona State University 0
TOP OF THE 3RD
University of Virginia Cavaliers batting - Pitching for Arizona State University Sun Devils : RHP Bill Dominguez
Batting: RHB Jason Thresher 0-0: Foul Ball, location: 2F
0-1: Ball
1-1: Foul Ball, location: 2F
1-2: Ground out 4-3 (Groundball, 4, EV 77.5 MPH)
Batting: RHB Sean Carswell 0-0: Foul Ball, location: 2F
0-1: Ball
1-1: Ball
2-1: Called Strike
2-2: Strikes out swinging
Batting: RHB Luke Bertrand 0-0: Ball
1-0: Ball
2-0: Foul Ball, location: 2F
2-1: Swinging Strike
2-2: Ball
3-2: Strikes out swinging
Top of the 3rd over - 0 runs, 0 hits, 0 errors, 0 left on base; University of Virginia 0 - Arizona State University 0
BOTTOM OF THE 3RD
Arizona State University Sun Devils batting - Pitching for University of Virginia Cavaliers : RHP Arturo Vargas
Batting: LHB Dustin Gill 0-0: Ball
1-0: Single, Error in OF, E7, batter to second base (Groundball, 56D, EV 98.1 MPH)
Batting: RHB John Burgis 0-0: Called Strike
0-1: Ball
1-1: Foul Ball, location: 2F
1-2: Ball
2-2: Strikes out swinging, 2-3 out at first.
Batting: LHB Timon Giorgiou 0-0: Ball
1-0: Swinging Strike
1-1: Swinging Strike
1-2: Strikes out looking
Batting: RHB Rusty Gee 0-0: Called Strike
0-1: Swinging Strike
0-2: Hit by Pitch
Batting: LHB Randy Marquez 0-0: Ball
1-0: Ball
2-0: Ball
3-0: Called Strike
3-1: SINGLE (Groundball, 34D, EV 108.1 MPH)
Dustin Gill to third
Rusty Gee to second
Runner from 3rd tries for Home, SAFE, throw by RF to home
Rusty Gee to third
Randy Marquez to second
Batting: RHB Chris DeLuise 0-0: Ball
1-0: Swinging Strike
1-1: SINGLE (Groundball, 6MD, EV 95.6 MPH)
Rusty Gee scores
Randy Marquez to third
Runner from 3rd tries for Home, SAFE, throw by CF to home
Batting: SHB Manny Aponte 0-0: Swinging Strike
0-1: Foul Ball, location: 2F
0-2: Ball
1-2: Ground out 4-3 (Groundball, 4S, EV 64.4 MPH)
Bottom of the 3rd over - 3 runs, 3 hits, 1 error, 1 left on base; University of Virginia 0 - Arizona State University 3
TOP OF THE 4TH
University of Virginia Cavaliers batting - Pitching for Arizona State University Sun Devils : RHP Bill Dominguez
Batting: RHB Jose Velez 0-0: Foul Ball, location: 2F
0-1: Fly out, F8 (Flyball, 78D, EV 94.4 MPH)
Batting: LHB Ray Nichter 0-0: Ball
1-0: Ball
2-0: Foul Ball, location: 2F
2-1: Swinging Strike
2-2: Ball
3-2: Ground out 1-3 (Groundball, 34S, EV 69.4 MPH)
Batting: LHB Alex Aguilar 0-0: SOLO HOME RUN (Flyball, 89XD, EV 101.9 MPH), Distance : 413 ft
Batting: RHB Jason Lambert 0-0: Ball
1-0: Called Strike
1-1: Called Strike
1-2: Ball
2-2: Foul Ball, location: 2F
2-2: Ball
3-2: Fly out, F8 (Flyball, 8RXD, EV 95.0 MPH)
Top of the 4th over - 1 run, 1 hit, 0 errors, 0 left on base; University of Virginia 1 - Arizona State University 3
BOTTOM OF THE 4TH
Arizona State University Sun Devils batting - Pitching for University of Virginia Cavaliers : RHP Arturo Vargas
Batting: RHB Martin Boyle 0-0: Called Strike
0-1: Foul Ball, location: 2F
0-2: Strikes out looking
Batting: RHB Kawenaula Kapali 0-0: Ball
1-0: Ball
2-0: Swinging Strike
2-1: Foul Ball, location: 2F
2-2: Strikes out swinging
Batting: LHB Dustin Gill 0-0: Ball
1-0: Ground out 1-3 (Groundball, 15S, EV 66.9 MPH)
Bottom of the 4th over - 0 runs, 0 hits, 0 errors, 0 left on base; University of Virginia 1 - Arizona State University 3
TOP OF THE 5TH
University of Virginia Cavaliers batting - Pitching for Arizona State University Sun Devils : RHP Bill Dominguez
Batting: RHB Rob Coble 0-0: Foul Ball, location: 2F
0-1: Foul Ball, location: 2F
0-2: Ball
1-2: Strikes out swinging
Batting: RHB Allen McCaskill 0-0: Called Strike
0-1: Foul Ball, location: 2F
0-2: Strikes out looking
Batting: RHB Jason Thresher 0-0: Ball
1-0: Fly out, F9 (Flyball, 89M, EV 89.4 MPH)
Top of the 5th over - 0 runs, 0 hits, 0 errors, 0 left on base; University of Virginia 1 - Arizona State University 3
BOTTOM OF THE 5TH
Arizona State University Sun Devils batting - Pitching for University of Virginia Cavaliers : RHP Arturo Vargas
Batting: RHB John Burgis 0-0: Single, Error in OF, E9, batter to second base (Line Drive, 9S, EV 108.1 MPH)
Batting: LHB Timon Giorgiou 0-0: Foul Ball, location: 2F
0-1: Swinging Strike
0-2: Ball
1-2: Hit by Pitch
Pitching: LHP Cory Byler
Batting: RHB Rusty Gee 0-0: Ball
1-0: Foul Ball, location: 2F
1-1: Foul Ball, location: 2F
1-2: Foul Ball, location: 2F
1-2: Ball
2-2: Foul Ball, location: 2F
2-2: Ball
3-2: Fielders Choice at 2nd, 6-4 (Groundball, 6S, EV 80.6 MPH)
John Burgis to third
Batting: LHB Randy Marquez 0-0: Called Strike
0-1: Swinging Strike
0-2: Ball
1-2: Ball
2-2: Fielders Choice at 2nd, 1-6 (Groundball, 13S, EV 71.9 MPH)
Batting: RHB Chris DeLuise 0-0: Foul Ball, location: 2F
0-1: Swinging Strike
0-2: Ball
1-2: Strikes out swinging
Bottom of the 5th over - 0 runs, 1 hit, 1 error, 2 left on base; University of Virginia 1 - Arizona State University 3
TOP OF THE 6TH
University of Virginia Cavaliers batting - Pitching for Arizona State University Sun Devils : RHP Bill Dominguez
Batting: RHB Sean Carswell 0-0: Ball
1-0: Fly out, F4 (Popup, 4MS, EV 76.9 MPH)
Batting: RHB Luke Bertrand 0-0: Foul Ball, location: 2F
0-1: Swinging Strike
0-2: Ball
1-2: Foul Ball, location: 2F
1-2: Fly out, F9 (Flyball, 89M, EV 80.0 MPH)
Batting: RHB Jose Velez 0-0: Ball
1-0: Ball
2-0: Ball
3-0: Called Strike
3-1: Fly out, F8 (Flyball, 8RXD, EV 96.9 MPH)
Top of the 6th over - 0 runs, 0 hits, 0 errors, 0 left on base; University of Virginia 1 - Arizona State University 3
BOTTOM OF THE 6TH
Arizona State University Sun Devils batting - Pitching for University of Virginia Cavaliers : LHP Cory Byler
Batting: SHB Manny Aponte 0-0: Ball
1-0: Swinging Strike
1-1: Swinging Strike
1-2: Strikes out looking
Batting: RHB Martin Boyle 0-0: Foul Ball, location: 2F
0-1: Called Strike
0-2: Ball
1-2: Strikes out looking
Batting: RHB Kawenaula Kapali 0-0: Ball
1-0: Ball
2-0: Ground out 5-3 (Groundball, 56, EV 83.1 MPH)
Bottom of the 6th over - 0 runs, 0 hits, 0 errors, 0 left on base; University of Virginia 1 - Arizona State University 3
TOP OF THE 7TH
University of Virginia Cavaliers batting - Pitching for Arizona State University Sun Devils : RHP Bill Dominguez
Pitching: RHP Corey Hill
Batting: LHB Ray Nichter 0-0: Fly out, F5 (Popup, 56S, EV 79.4 MPH)
Batting: LHB Alex Aguilar 0-0: Ball
1-0: Fly out, F8 (Flyball, 8LD, EV 86.2 MPH)
Batting: RHB Jason Lambert 0-0: Called Strike
0-1: SINGLE (Line Drive, 7LS, EV 85.0 MPH)
Batting: RHB Rob Coble 0-0: Called Strike
0-1: Swinging Strike
0-2: Ball
1-2: Strikes out swinging
Top of the 7th over - 0 runs, 1 hit, 0 errors, 1 left on base; University of Virginia 1 - Arizona State University 3
BOTTOM OF THE 7TH
Arizona State University Sun Devils batting - Pitching for University of Virginia Cavaliers : LHP Cory Byler
Pitching: RHP Tofik Javakhov
Batting: LHB Dustin Gill 0-0: Ground out 5-3 (Groundball, 56, EV 100.0 MPH)
Batting: RHB John Burgis 0-0: Ground out 4-3 (Groundball, 4, EV 98.8 MPH)
Batting: LHB Timon Giorgiou 0-0: Ball
1-0: Swinging Strike
1-1: Ball
2-1: Ball
3-1: Foul Ball, location: 2F
3-2: Foul Ball, location: 2F
3-2: Strikes out swinging
Bottom of the 7th over - 0 runs, 0 hits, 0 errors, 0 left on base; University of Virginia 1 - Arizona State University 3
TOP OF THE 8TH
University of Virginia Cavaliers batting - Pitching for Arizona State University Sun Devils : RHP Corey Hill
Batting: RHB Allen McCaskill 0-0: Ball
1-0: Ball
2-0: Foul Ball, location: 2F
2-1: Foul Ball, location: 2F
2-2: Ball
3-2: Ground out 6-3 (Groundball, 6, EV 100.0 MPH)
Batting: RHB Jason Thresher 0-0: Ball
1-0: Called Strike
1-1: Foul Ball, location: 2F
1-2: Strikes out swinging
Batting: RHB Sean Carswell 0-0: Ball
1-0: Ball
2-0: Foul Ball, location: 2F
2-1: Called Strike
2-2: Fly out, F7 (Line Drive, 7S, EV 90.6 MPH)
Top of the 8th over - 0 runs, 0 hits, 0 errors, 0 left on base; University of Virginia 1 - Arizona State University 3
BOTTOM OF THE 8TH
Arizona State University Sun Devils batting - Pitching for University of Virginia Cavaliers : RHP Tofik Javakhov
Batting: RHB Rusty Gee 0-0: SINGLE (Groundball, 56S, EV 72.5 MPH) (infield hit)
Batting: LHB Randy Marquez 0-0: Ball
1-0: Ball
2-0: Ball
3-0: Called Strike
3-1: Called Strike
3-2: Strikes out looking
Batting: RHB Chris DeLuise 0-0: Ball
Rusty Gee is caught stealing 2nd base 2-4
1-0: Ground out 5-3 (Groundball, 56, EV 86.9 MPH)
Bottom of the 8th over - 0 runs, 1 hit, 0 errors, 0 left on base; University of Virginia 1 - Arizona State University 3
TOP OF THE 9TH
University of Virginia Cavaliers batting - Pitching for Arizona State University Sun Devils : RHP Corey Hill
Pitching: LHP Nick Segar
Batting: RHB Luke Bertrand 0-0: Called Strike
0-1: Ball
1-1: Ball
2-1: Ball
3-1: SINGLE (Groundball, 6S, EV 63.8 MPH) (infield hit)
Batting: RHB Jose Velez 0-0: Foul Ball, location: 2F
0-1: Swinging Strike
0-2: Foul Ball, location: 2F
0-2: Ball
1-2: Foul Ball, location: 2F
1-2: Fly out, F9 (Line Drive, 9, EV 95.0 MPH)
Batting: LHB Ray Nichter 0-0: Ball
1-0: Ball
2-0: Foul Ball, location: 2F
2-1: Called Strike
2-2: Strikes out swinging
Batting: LHB Alex Aguilar 0-0: Ball
1-0: Foul Ball, location: 2F
1-1: Ball
2-1: Swinging Strike
2-2: Strikes out looking
Top of the 9th over - 0 runs, 1 hit, 0 errors, 1 left on base; University of Virginia 1 - Arizona State University 3
Tuesday, March 28th , 2023 - OOTP Baseball 23.10 Build 110